 Dungeon Crawl Stone Soup version 0.17-a0-2208-ge5ab1d3 (webtiles) character file.

43 abixa the Chucker (level 3, -5/37 HPs)
             Began as an Ogre Hunter on Oct 26, 2015.
             Slain by Crazy Yiuf
             ... wielding a +2 quarterstaff of chaos
              (7 damage)
             ... on level 2 of the Dungeon.
             The game lasted 00:05:33 (1241 turns).

abixa the Chucker (Ogre Hunter)                     Turns: 1241, Time: 00:05:34

Health: -5/37      AC:  3    Str: 17    XL:     3   Next: 58%
Magic:  3/3        EV: 10    Int: 10    God:
Gold:   57         SH:  0    Dex: 11    Spells: 0 memorised, 2 levels left

rFire  . . .     SeeInvis +     o - +0 whip
rCold  . . .     Clarity  .     d - +0 robe
rNeg   + . .     SustAt   .     (no shield)
rPois  .         Gourm    .     (helmet restricted)
rElec  .         Spirit   .     (no cloak)
rCorr  .         Warding  .     (gloves unavailable)
rMut   .         Stasis   .     (boots unavailable)
MR     .....                    (no amulet)
Stlth  +.........               r - ring of see invisible
                                h - ring of positive energy

@: lethally poisoned (-5 -> -8), slowed, very slow, not resistant to hostile
enchantments, very unstealthy
A: unfitting armour, tough skin 1
a: no special abilities


You were on level 2 of the Dungeon.
You were not hungry.

You visited 1 branch of the dungeon, and saw 2 of its levels.

You collected 57 gold pieces.

Inventory:

Hand Weapons
 c - a +0 short sword
 o - a +0 whip (weapon)
Missiles
 a - 4 large rocks (quivered)
 b - 2 throwing nets
 g - 37 arrows
 k - 15 sling bullets
 l - 31 stones
Armour
 d - a +0 robe (worn)
Jewellery
 h - a ring of positive energy (left hand)
 r - a ring of see invisible (right hand)
Scrolls
 f - a scroll of enchant weapon {unknown}
 p - 4 scrolls of identify {unknown}
 s - a scroll of noise {unknown}
Potions
 i - a potion of brilliance {unknown}
 j - a potion of heal wounds {unknown}
 m - a potion of curing {unknown}
Comestibles
 e - 2 bread rations
 n - a royal jelly
 q - 4 fruits


   Skills:
 - Level 3.5 Fighting
 + Level 3.1 Maces & Flails
 - Level 4.1 Throwing
 - Level 1.7 Dodging
 - Level 0.7 Stealth


You had 2 spell levels left.
You didn't know any spells.

Dungeon Overview and Level Annotations

Branches:
Dungeon (2/15)

Altars:

Annotations:
D:2 Crazy Yiuf


Innate Abilities, Weirdness & Mutations

You are too large for most types of armour.
You have tough skin (AC +1).


Message History

* * * LOW HITPOINT WARNING * * *
You feel yourself slow down.
Throwing (i - inventory. (,) - cycle):
a - 6 large rocks (quivered)
Press: ? - help, Shift-Dir - straight line, f/p - Crazy Yiuf
Aim: Crazy Yiuf, wielding a quarterstaff of chaos and wearing a cloak (heavily wounded)
You throw a large rock.
The large rock barely misses Crazy Yiuf.
Crazy Yiuf closely misses you.
Throwing (i - inventory. (,) - cycle):
a - 5 large rocks (quivered)
Press: ? - help, Shift-Dir - straight line, f/p - Crazy Yiuf
Aim: Crazy Yiuf, wielding a quarterstaff of chaos and wearing a cloak (heavily wounded)
You throw a large rock.
The large rock hits Crazy Yiuf but does no damage.
Crazy Yiuf is heavily wounded.
You feel sick.
Crazy Yiuf hits you with a quarterstaff of chaos.
* * * LOW HITPOINT WARNING * * *
Crazy Yiuf laughs, "Cod!
Cake head green."
Crazy Yiuf hits you with a quarterstaff of chaos!
You die...

### ♣♣#### ###
#)..# ♣♣....##
..#
#.....♣♣♣♣......#
.## ♣..♣(......#
.# ♣♣♣.♣((g@..#
.# ♣♣♣♣♣##..# .#
##.#
.##############
#.#
..............#
#.#####
.....#####...##
#.....# .....#
##.## #####.#
.##### #.# #.# .#
#.# #.#


You could see Crazy Yiuf.

Vanquished Creatures
  An adder (D:2)
  An ooze (D:2)
  4 bats
  2 giant cockroaches (D:2)
  2 hobgoblins
  2 quokkas (D:2)
  2 giant geckos (D:1)
  5 giant newts (D:1)
  3 goblins (D:1)
  3 kobolds (D:1)
  5 rats (D:1)
30 creatures vanquished.

Notes
Turn   | Place    | Note
--------------------------------------------------------------
     0 | D:1      | abixa the Ogre Hunter began the quest for the Orb.
     0 | D:1      | Reached XP level 1. HP: 22/22 MP: 1/1
    89 | D:1      | Reached XP level 2. HP: 20/31 MP: 2/2
   467 | D:1      | Reached skill level 1 in Maces & Flails
   944 | D:2      | Reached XP level 3. HP: 37/37 MP: 3/3
  1223 | D:2      | Noticed Crazy Yiuf
  1241 | D:2      | Slain by Crazy Yiuf

Vault maps used:
D:1:      dpeg_arrival_lava_altar, minmay_misc_feat_rows
D:2:      tgw_xom, uniq_crazy_yiuf_cottage, uniq_iyjb

Action                   || total
-------------------------++-------
Melee: Short sword       ||    79
       Whip              ||    40
Throw: Stone             ||    36
       Large rock        ||     5
 Stab: Sleeping          ||     1
  Eat: Chunk             ||     1
